Map: Ulrena

Players

zidar - Winner!

  • Race: Zerg Zerg
  • League: Silver
  • Spawn Location: 11:00

Habe

  • Race: Terran Terran
  • League: Silver
  • Spawn Location: 7:00

VOD

Have the link to the VOD?

Description

Time

  • Played on: Feb. 18, 2016, 9 a.m.
  • Length: 6:56
Show
View Real Time Build Order
Export as new Build Order

zidar Zerg - Winner!

Build Orders: Pool First 

Get SALT Encoding   

  12  0:02  Drone  
  13  0:12  Overlord  
  13  0:17  Drone  
  14  0:30  Drone  
  14  0:31  Drone  
  14  0:34  Drone  
  17  0:46  Spawning Pool  
  17  0:50  Drone  
  17  0:58  Extractor  
  17  1:00  Drone  
  17  1:18  Hatchery  
  17  1:21  Drone  
  17  1:31  Drone  
  18  1:35  Queen  
  20  1:43  Overlord  
  20  1:55  Roach Warren  
  19  2:14  Queen  
  21  2:51  Roach x5  
  23  2:52  Roach x2  
  35  3:27  Drone  
  35  3:28  Overlord  
  35  3:29  Overlord  
  36  3:47  Ravager x2  
  38  3:51  Ravager  
  39  4:04  Drone x7  
  39  4:06  Hatchery  
  45  4:50  Roach  
  45  4:51  Roach x2  
  51  4:54  Overlord x4  
  51  5:00  Extractor  
  51  5:02  Extractor  
  49  5:10  Evolution Chamber  
  48  5:16  Queen  
  50  5:25  Ravager  
  50  5:26  Ravager  
Show
View Real Time Build Order
Export as new Build Order

Habe Terran 

Build Orders: 1/1/1, Liberator Opening 

Get SALT Encoding   

  12  0:01  SCV  
  13  0:17  SCV, Supply Depot  
  14  0:26  Refinery  
  14  0:40  Barracks  
  14  0:41  SCV  
  15  0:54  SCV  
  16  1:06  SCV  
  16  1:07  Refinery  
  17  1:18  SCV  
  18  1:29  Marine  
  18  1:31  Factory  
  19  1:57  Barracks Reactor  
  19  2:06  Supply Depot  
  19  2:08  Orbital Command  
  19  2:18  Starport  
  19  2:42  Supply Depot  
  19  2:52  Liberator  
  19  2:56  Liberator, SCV  
  20  3:03  Barracks  
  23  3:18  Barracks Tech Lab  
  26  3:24  SCV  
  27  3:33  Factory Tech Lab  
  27  3:39  Marauder  
  29  3:42  SCV  
  30  3:52  Medivac  
  32  4:11  Engineering Bay  
  32  4:13  Barracks Reactor  
  32  4:17  Marauder  
  31  4:38  Marauder  
  30  4:41  Siege Tank  
  33  4:54  Stimpack  
  33  4:56  Marine x2  
  35  5:13  Marine, Siege Tank  
  39  5:21  Command Center  
  39  5:25  Supply Depot  
  39  5:46  Marine  
  39  5:49  Supply Depot  
  33  6:00  Marine  
  33  6:01  Marine  
  33  6:04  Marine  
  33  6:07  Siege Tank  
  32  6:19  Marauder  
Tags
 
Add a new tag
Caveats
  • Supply blocks, unpowered buildings, or Contaminate may cause inaccurate times.
  • Supply counts are checked every 10 seconds.